 Dungeon Crawl Stone Soup version 0.30-a0-802-gb92711bcdf (webtiles) character file.

Game seed: 15534704101916375055

129 porpoise the Sneak (level 5, -3/33 HPs)
             Began as an Octopode Enchanter on Feb 25, 2023.
             Killed from afar by an orc wizard (10 damage)
             ... with a magic dart
             ... on level 3 of the Dungeon.
             The game lasted 00:08:45 (1364 turns).

porpoise the Sneak (Octopode Enchanter)             Turns: 1364, Time: 00:08:45

Health: -3/33      AC:  1    Str:  7    XL:     5   Next: 12%
Magic:  2/8        EV: 13    Int: 20    God:
Gold:   128        SH:  0    Dex: 12    Spells: 3/8 levels left

rFire   . . .      SeeInvis .    a - +1 dagger
rCold   . . .      Faith    .    (no shield)
rNeg    + . .      Spirit   .    (helmet restricted)
rPois   .          Reflect  .    (no amulet)
rElec   .          Harm     .    j - ring of positive energy
rCorr   .          Rampage  .    (no ring)
Will    .....                    (no ring)
Stlth   ++++                     (no ring)
HPRegen 0.25/turn                (no ring)
MPRegen 0.11/turn                (no ring)
                                 (no ring)
                                 (no ring)

@: no status effects
A: almost no armour, amphibious, 8 rings, camouflage 1, gelatinous body 1,
(nimble swimmer 1), tentacles
a: no special abilities


You were on level 3 of the Dungeon.
You visited 1 branch of the dungeon, and saw 3 of its levels.

You collected 128 gold pieces.

Inventory:

Hand Weapons
 a - a +1 dagger (weapon)
Missiles
 c - 43 stones (quivered)
 i - 6 boomerangs
Jewellery
 j - a ring of positive energy (left tentacle)
Scrolls
 d - a scroll of identify
 g - 2 scrolls of amnesia
 h - a scroll of immolation {unknown}
Potions
 b - 3 potions of invisibility
 f - 2 potions of heal wounds


   Skills:
 + Level 1.5 Fighting
 + Level 1.9 Short Blades
 - Level 2.0 Dodging
 * Level 5.3 Stealth
 - Level 2.0 Spellcasting
 * Level 3.8 Hexes
 * Level 1.7 Ice Magic


You had 3 spell levels left.
You knew the following spells:

 Your Spells              Type           Power      Damage    Failure   Level
a - Confusing Touch       Hex            17%        N/A       10%         3
e - Ensorcelled Hibernat  Hex/Ice        26%        N/A       8%          2

Your spell library contained the following spells:

 Spells                   Type           Power      Damage    Failure   Level
 Tukima's Dance           Hex            17%        N/A       10%         3
 Kiss of Death            Conj/Necr      8%         2d6       16%         1
 Dazzling Flash           Conj/Hex       18%        N/A       22%         3
 Dispel Undead            Necr           2%         3d7       83%         4


Dungeon Overview and Level Annotations

Branches:
Dungeon (3/15)

Altars:
Okawaru

Shops:
D:2 [


Innate Abilities, Weirdness & Mutations

You cannot wear most types of armour.
You are amphibious.
You can wear up to eight rings at the same time.
Your skin changes colour to match your surroundings (Stealth+).
Your rubbery body absorbs attacks. (AC +1, EV +1)
((You are camouflaged when in or above water. (Stealth+)))
You have tentacles for arms and can constrict up to eight enemies at once.


Message History

You are too injured to fight recklessly!
You are too injured to fight recklessly!
You hit the orc but do no damage. You squeeze the orc.
You kill the orc!
The orc misses you. The orc hits you with a +0 trident.
* * * LOW HITPOINT WARNING * * *
Things that are here:
a +0 short sword; a +0 leather armour
Casting: Ensorcelled Hibernation (safe; 9% risk of failure)
Confirm with . or Enter, or press ? or * to list all spells.
Aiming: Ensorcelled Hibernation (safe; 9% risk of failure)
Press: ? - help, Shift-Dir - straight line, f - orc priest
Aim: an orc priest, wielding a +0 club and wearing a +0 scale mail (chance to affect: 45%)
The orc priest resists with some effort.
The orc wizard casts a spell.
The orc wizard flickers and vanishes!
Deactivating autopickup; reactivate with Ctrl-A.
The orc closely misses you. The orc priest completely misses you.
Casting: Ensorcelled Hibernation (safe; 9% risk of failure)
Confirm with . or Enter, or press ? or * to list all spells.
Aiming: Ensorcelled Hibernation (safe; 9% risk of failure)
Press: ? - help, Shift-Dir - straight line, f/p - orc priest
Aim: an orc priest, wielding a +0 club and wearing a +0 scale mail (chance to affect: 45%)
The orc priest looks drowsy...
The orc closely misses you.
The helpless orc priest fails to defend itself.
You impale the orc priest!!
You kill the orc priest!
The orc closely misses you.
You have reached level 5!
You feel clever.
As you read the scroll labelled NIZE ZOEPOQA, it crumbles to dust.
The scroll dissolves into smoke.
It was a scroll of fog.
The orc hits you with a +0 trident.
* * * LOW HITPOINT WARNING * * *
The orc hits you from afar with a +0 trident.
* * * LOW HITPOINT WARNING * * *
A magic dart appears from out of thin air!
The magic dart hits you!
You die...

#### ^. .... ..
#..# ... #.
#..##....
#..###..#....
##..........#
.##...##..# ..#
.......@..##..#
..............#
............#.#
..###.###{o§# .
#. #§J§# #.
##§§## # #§§§#
#.Jo...#
...#........>


You could see an orc and an endoplasm.

Vanquished Creatures
  2 orc priests (D:3)
  An adder (D:2)
  A dart slug (D:2)
  2 orcs
  8 ball pythons
  5 bats
  5 endoplasms (D:1)
  3 giant cockroaches (D:1)
  4 goblins (D:1)
  6 hobgoblins
  2 jackals (D:1)
  4 quokkas
  2 frilled lizards
  3 kobolds
  3 rats (D:1)
51 creatures vanquished.

Notes
Turn   | Place    | Note
-------+----------+-------------------------------------------
     0 | D:1      | porpoise the Octopode Enchanter began the quest for the
                  | Orb.
     0 | D:1      | Reached XP level 1. HP: 11/11 MP: 3/3
    92 | D:1      | Reached XP level 2. HP: 18/18 MP: 5/5
    96 | D:1      | Learned a level 2 spell: Ensorcelled Hibernation
   278 | D:1      | Reached XP level 3. HP: 22/22 MP: 6/6
   288 | D:1      | Reached skill level 1 in Fighting
   615 | D:1      | Learned a level 3 spell: Confusing Touch
   694 | D:2      | Reached skill level 1 in Ice Magic
   812 | D:2      | Reached XP level 4. HP: 28/28 MP: 7/7
   855 | D:2      | Found an iron altar of Okawaru.
   964 | D:2      | Found Hetox's Armour Shop.
  1274 | D:3      | Reached skill level 5 in Stealth
  1359 | D:3      | Reached XP level 5. HP: 9/33 MP: 1/8
  1364 | D:3      | Killed from afar by an orc wizard

Illustrated notes

Levels and vault maps discovered:
D:1:      scummos_arrival_gate, layout_rooms
D:2:      layout_loops_cross, basic_altar, serial_shops, nicolae_diamond_shop
D:3:      layout_rooms, gammafunk_ghost_arena

Skill      XL: |  1  2  3  4 |
---------------+-------------+-----
Fighting       | 1 |  1.5
Ice Magic      | 1 |  1.7
Stealth        | 5 |  5.3
Short Blades   | |  1.9
Dodging        | |  2.0
Spellcasting   | |  2.0
Hexes          | |  3.8

Action                     |  1- 3 |  4- 6 || total
---------------------------+-------+-------++-------
  Melee: Dagger            |    81 |    20 ||   101
         Constrict         |    19 |     5 ||    24
         Tentacles         |    19 |     3 ||    22
   Cast: Ensorcelled Hiber |     9 |     3 ||    12
    Use: Scroll            |     2 |     1 ||     3
   Stab: Sleeping          |    14 |     4 ||    18
         Distracted        |       |     1 ||     1
 Armour: Skin              |     8 |       ||     8
  Dodge: Dodged            |    44 |    12 ||    56

Table legend: (Time is in decaauts)
 A = Elapsed time spent in this place.
 B = Non-inter-level travel time spent in this place.
 C = Inter-level travel time spent in this place.
 D = Time resting spent in this place.
 E = Time spent auto-exploring this place.
 F = Levels seen in this place.
 G = Mean time per level.
                   A        B        C        D        E       F      G
               +--------+--------+--------+--------+--------+-----+--------+
         Total |   1356 |   1310 |     46 |    263 |    686 |   3 |  452.0 |
       Dungeon |   1356 |   1310 |     46 |    263 |    686 |   3 |  452.0 |
               +--------+--------+--------+--------+--------+-----+--------+

Top non-repeatable levels by time:
     D:2: 696 daAuts
     D:1: 620 daAuts
     D:3: 39 daAuts
